Kradschützen Motorcycle Team
Selects Armored Support Battlegroup
Construct Light Support Kompanie
Selects Superior Fire Drills
Panzerjäger Mechanized Group
Pak 38 Anti-tank Gun Team
Selects Flammpanzer III Medium Tank
Flammpanzer III Medium Tank
Flammpanzer III Medium Tank
Construct Panzerarmee Kommand
Pak 38 Anti-tank Gun Team
Flak 36 Anti-tank Gun Team
Selects Battlefield Salvage
Construct Light Support Kompanie
Kradschützen Motorcycle Team
Pak 38 Anti-tank Gun Team
Pak 38 Anti-tank Gun Team
Pak 38 Anti-tank Gun Team
Flammpanzer III Medium Tank